 Dungeon Crawl Stone Soup version 0.31-a0-161-gb58dd9be76 (webtiles) character file.

Game seed: 14965834890091938776

97 ragingrage the Stinger (level 4, -1/36 HPs)
             Began as a Naga Wanderer on June 12, 2023.
             Slain by a gnoll
             ... wielding a +0 spear
              (6 damage)
             ... on level 3 of the Dungeon.
             The game lasted 00:02:41 (2199 turns).

ragingrage the Stinger (Naga Wanderer)              Turns: 2199, Time: 00:02:42

Health: -1/36      AC:  2    Str: 16    XL:     4   Next: 68%
Magic:  0/5        EV:  9    Int: 13    God:
Gold:   156        SH:  0    Dex: 10    Spells: 1/5 levels left

rFire   . . .        m - +2 short sword (vamp)
rCold   . . .        (no shield)
rNeg    . . .        c - +0 leather armour
rPois   +            (no helmet)
rElec   .            (no cloak)
rCorr   .            (no gloves)
SInv    +            (no barding)
Will    .....        (no amulet)
Stlth   +            (no ring)
HPRegen 0.26/turn    (no ring)
MPRegen 0.09/turn

%: no passive effects
@: very slightly contaminated, very slow
A: AC +1, large, see invisible, deformed body, poison resistance, slowness 2,
spit poison 1, naga tail 1
a: Spit Poison


You were on level 3 of the Dungeon.
You visited 1 branch of the dungeon, and saw 3 of its levels.

You collected 156 gold pieces.

Inventory:

Hand Weapons
 m - a +2 vampiric short sword (weapon)
Missiles
 l - a throwing net
Armour
 c - a +0 leather armour (worn)
Scrolls
 e - 2 scrolls of noise {unknown}
 f - a scroll of blinking {unknown}
 g - 2 scrolls of identify {unknown}
 k - a scroll of teleportation {unknown}
Potions
 a - a potion of ambrosia {unknown}
 b - 2 potions of might
 h - a potion of cancellation {unknown}
 i - a potion of mutation {unknown}
 j - a potion of haste {unknown}
Miscellaneous
 d - a piece from Xom's chessboard (15/15)


   Skills:
 - Level 1.0 Armour
 - Level 1.0 Dodging
 - Level 1.0 Spellcasting
 - Level 1.0 Conjurations
 - Level 3.0 Fire Magic
 - Level 3.0 Air Magic
 + Level 3.4 Poison Magic
 - Level 3.0 Evocations


You had one spell level left.
You knew the following spells:

 Your Spells              Type           Power      Damage    Failure   Level
a - Foxfire               Conj/Fire      20%        2x1d5     16%         1
b - Shock                 Conj/Air       20%        1d4       16%         1
c - Poisonous Vapours     Pois/Air       18%        N/A       14%         2

Your spell library contained the following spells:

 Spells                   Type           Power      Damage    Failure   Level
 Ignite Poison            Fire/Tmut/Pois 6%         N/A       41%         3
 Airstrike                Air            4%         2d(1-17)  69%         4
 Frozen Ramparts          Ice            0%         1d1       71%         3
 Ice Form                 Ice/Tmut       0%         N/A       98%         4
 Summon Ice Beast         Ice/Summ       0%         N/A       98%         4


Dungeon Overview and Level Annotations

Branches:
Dungeon (3/15)

Altars:
Okawaru

Shops:
D:2 [


Innate Abilities, Weirdness & Mutations

Your serpentine skin is tough. (AC +1)
You have supernaturally acute eyesight. (SInv)
Armour fits poorly on your strangely shaped body.
Your system is resistant to poisons. (rPois)
You cover ground very slowly.
You can spit poison.
You have a snake-like lower body.


Message History

A gnoll comes into view. It is wielding a +0 spear. x2
The foxfire hits the gnoll.
A dart slug comes into view.
The foxfire hits the gnoll. x3
There is a stone staircase leading up here.
You climb upwards.
There is a stone staircase leading down here.
There is an escape hatch in the floor here.
There is a stone staircase leading down here.
You climb downwards.
The gnoll barely misses you. x2
There is a stone staircase leading up here.
Unknown command.
Okay, then.
You conjure some foxfire!
The gnoll barely misses you. The gnoll closely misses you.
You miscast Foxfire.
You are very lightly contaminated with residual magic.
Nothing appears to happen.
The foxfire hits the gnoll. x2
The gnoll hits you from afar with a +0 spear.
The gnoll barely misses you. x2
Casting: Foxfire (safe; 16% risk of failure)
Press: ? - help, Q - select action, (/) - cycle Dir - look around, f - activate You conjure some foxfire!
The gnoll hits you from afar with a +0 spear.
The gnoll barely misses you. x2
Casting: Foxfire (safe; 16% risk of failure)
Press: ? - help, Q - select action, (/) - cycle Dir - look around, f - activate You conjure some foxfire!
The foxfire hits the gnoll but does no damage.
The foxfire hits the gnoll.
The gnoll hits you from afar with a +0 spear. x3
Casting: Foxfire (safe; 16% risk of failure)
Press: ? - help, Q - select action, (/) - cycle Dir - look around, f - activate You conjure some foxfire!
The foxfire hits the dart slug. x2; The dart slug bites you.
The gnoll hits you from afar with a +0 spear.
The gnoll hits you from afar with a +0 spear!
* * * LOW HITPOINT WARNING * * *
The gnoll hits you from afar with a +0 spear.
You die...

#.....#...#
##.#####...# ##..#
#...# ##..## ##.##
######..## .#
.......<# .#
...!....########.#
....)..g#v§.....!
.......gv@§.#
.......gw.#...$..
........### ####.
...)....#
........# .....
...# ...


You could see 3 gnolls and a dart slug (ally target).

Vanquished Creatures
  5 adders
  A gnoll (D:3)
  A worm (D:2)
  A dart slug (D:1)
  2 bats
  3 endoplasms (D:2)
  6 hobgoblins
  3 jackals (D:2)
  5 quokkas
  3 frilled lizards (D:2)
  2 goblins (D:1)
  4 kobolds
  4 rats
40 creatures vanquished.

Vanquished Creatures (others)
  104 foxfires
104 creatures vanquished.

Grand Total: 144 creatures vanquished

Notes
Turn   | Place    | Note
-------+----------+-------------------------------------------
     0 | D:1      | ragingrage the Naga Wanderer began the quest for the Orb.
     0 | D:1      | ragingrage set off with the following items: a +0 club, a
                  | potion of might, a +0 leather armour, a piece from Xom's
                  | chessboard (15/15); and the following spells available to
                  | memorise: Shock, Foxfire, Poisonous Vapours, Ignite Poison,
                  | Airstrike.
     0 | D:1      | Reached XP level 1. HP: 15/15 MP: 2/2
    74 | D:1      | Learned a level 1 spell: Foxfire
    76 | D:1      | Learned a level 1 spell: Shock
   299 | D:1      | Reached XP level 2. HP: 22/22 MP: 0/3
   309 | D:1      | Reached skill level 1 in Conjurations
   752 | D:2      | Found Jokimycreraa's Armour Emporium.
   809 | D:2      | Reached XP level 3. HP: 23/28 MP: 0/4
   863 | D:2      | Found an iron altar of Okawaru.
   976 | D:2      | Learned a level 2 spell: Poisonous Vapours
  1281 | D:2      | Reached skill level 1 in Poison Magic
  1445 | D:2      | Reached XP level 4. HP: 36/36 MP: 0/5
  2199 | D:3      | Slain by a gnoll

Illustrated notes

Levels and vault maps discovered:
D:1:      dpeg_arrival_short_road, layout_basic
D:2:      layout_basic, serial_shops, shop_coins, basic_altar
D:3:      layout_rooms

Skill      XL: |  1  2  3  4 |
---------------+-------------+-----
Conjurations   | 1 |  1.0
Fire Magic     | 2 3 |  3.0
Poison Magic   | 2 3 |  3.4
Armour         | |  1.0
Dodging        | |  1.0
Spellcasting   | |  1.0
Air Magic      | |  3.0
Evocations     | |  3.0

Action                     |  1- 3 |  4- 6 || total
---------------------------+-------+-------++-------
  Melee: Club              |    16 |       ||    16
         Punch             |     2 |       ||     2
         Dagger            |    56 |       ||    56
         Short sword       |     3 |    29 ||    32
   Cast: Foxfire           |    40 |    25 ||    65
Ability: Spit Poison       |     7 |       ||     7
 Armour: Leather armour    |    22 |     4 ||    26
  Dodge: Dodged            |    46 |    17 ||    63

Table legend: (Time is in decaauts)
 A = Elapsed time spent in this place.
 B = Non-inter-level travel time spent in this place.
 C = Inter-level travel time spent in this place.
 D = Time resting spent in this place.
 E = Time spent auto-exploring this place.
 F = Levels seen in this place.
 G = Mean time per level.
                   A        B        C        D        E       F      G
               +--------+--------+--------+--------+--------+-----+--------+
         Total |   2673 |   2558 |    115 |    206 |   1942 |   3 |  891.0 |
       Dungeon |   2673 |   2558 |    115 |    206 |   1942 |   3 |  891.0 |
               +--------+--------+--------+--------+--------+-----+--------+

Top non-repeatable levels by time:
     D:2: 1722 daAuts
     D:1: 868 daAuts
     D:3: 81 daAuts
